[Event "Titled Tuesday Blitz August 02 Late 2022"]
[White "Vasquez Schroeder, Rodrigo"]
[Black "Yanchenko, Roman"]
[WhiteFideId "3400042"]
[BlackFideId "4137329"]
[WhiteElo "2567"]
[BlackElo "2514"]
[Result "1/2-1/2"]
[Round "11"]
[TimeControl "180+1"]
[Date "2022.08.02"]
[WhiteClock "0:00:18"]
[BlackClock "0:00:23"]

1. e4 e6 2. d4 d5 3. Nc3 Bb4 4. e5 Ne7 5. Bd2 b6 6. Bb5+ c6 7. Ba4 O-O 8. Nce2 Bxd2+ 9. Qxd2 c5 10. c3 Ba6 11. Nf3 Nbc6 12. O-O h6 13. Rfe1 Rc8 14. Ng3 Ng6 15. Rac1 Nh4 16. Nxh4 Qxh4 17. f4 g6 18. Qf2 Ne7 19. Rcd1 cxd4 20. Rxd4 Rc4 21. Red1 Nf5 22. Nxf5 Qxf2+ 23. Kxf2 gxf5 24. Bb3 Rxd4 25. Rxd4 Bb5 26. h3 Kg7 27. g4 fxg4 28. hxg4 f6 29. exf6+ Kxf6 30. Kg3 Bc6 31. Rd2 Rd8 32. Rh2 Kg7 33. Bc2 Rd7 34. g5 hxg5 35. fxg5 e5 36. Bf5 Rf7 37. Kg4 d4 38. cxd4 exd4 39. Rh7+ Kf8 40. Rh6 Bd7 41. Rh8+ Ke7 42. Bxd7 Kxd7 43. g6 Rf1 44. Kg5 Ke6 45. Rd8 Rg1+ 46. Kh6 Kf6 47. Rf8+ Ke5 48. g7 d3 49. g8=Q Rxg8 50. Rxg8 Ke4 51. Rd8 Ke3 52. Kg5 d2 53. Kf5 Ke2 54. Ke4 a5 55. a4 d1=Q 56. Rxd1 Kxd1 57. Kd3 Kc1 58. Kc3 Kb1 59. b4 axb4+ 60. Kxb4 Kb2 61. Kb5 Kb3 62. Kxb6 Kxa4 1/2-1/2


[Site "https://www.chess.com"]

[Event "Titled Tuesday Blitz August 02 Late 2022"]
[White "Vazquez Espino, Uriel"]
[Black "Barria Zuniga, Daniel"]
[WhiteFideId "5119138"]
[BlackFideId "3400816"]
[WhiteElo "2405"]
[BlackElo "2414"]
[Result "0-1"]
[Round "11"]
[TimeControl "180+1"]
[Date "2022.08.02"]
[WhiteClock "0:01:52"]
[BlackClock "0:01:46"]

1. e4 Nf6 2. e5 Nd5 3. Nc3 Nxc3 4. dxc3 d6 5. Qe2 dxe5 6. Qxe5 Nc6 7. Bb5 Bd7 8. Qg3 a6 9. Bd3 e5 10. Nf3 Qe7 11. Bd2 e4 12. O-O-O exd3 13. Rhe1 Be6 14. cxd3 O-O-O 15. Ng5 Qd7 16. Bf4 Bxa2 0-1


[Site "https://www.chess.com"]

[Event "Titled Tuesday Blitz August 02 Late 2022"]
[White "Vovk, Orest"]
[Black "Rustemov, Alexander"]
[WhiteFideId "14113490"]
[BlackFideId "4119002"]
[WhiteElo "2203"]
[BlackElo "2756"]
[Result "1-0"]
[Round "11"]
[TimeControl "180+1"]
[Date "2022.08.02"]
[WhiteClock "0:00:11"]
[BlackClock "0:00:09"]

1. h4 e5 2. h5 d5 3. h6 g6 4. d4 Nc6 5. dxe5 Nxe5 6. Nf3 Nxf3+ 7. gxf3 Nf6 8. Bg5 Be7 9. Qd4 c5 10. Qe5 O-O 11. Nc3 Be6 12. O-O-O d4 13. Ne4 Ne8 14. Bxe7 Qxe7 15. Qxc5 Qxc5 16. Nxc5 Nd6 17. Nxe6 fxe6 18. Rxd4 Nf5 19. Rd7 Rf7 20. Rxf7 Kxf7 21. e3 g5 22. Bd3 Kf6 23. Be4 Rb8 24. Rd1 Ke7 25. Bxf5 exf5 26. Rd5 Ke6 27. Rc5 Kf6 28. Rd5 Ke6 29. c4 Rg8 30. e4 fxe4 31. fxe4 g4 32. Kd2 Rg6 33. Rh5 Rf6 34. Rf5 Rxh6 35. Rg5 Rf6 36. Rxg4 Rxf2+ 37. Kc3 Rf7 38. Rh4 Ke5 39. c5 Rc7 40. b4 b6 41. Kc4 bxc5 42. bxc5 Kf6 43. Kd5 Kg5 44. Rh2 Rd7+ 45. Kc6 Rd1 46. Rxh7 Kf4 47. Rxa7 Kxe4 48. a4 Ke5 49. a5 Ke6 50. a6 Ra1 51. Ra8 Ke7 52. a7 Kf7 53. Rh8 1-0


[Site "https://www.chess.com"]

[Event "Titled Tuesday Blitz August 02 Late 2022"]
[White "Vujic, Mihailo"]
[Black "Guz, Ari"]
[WhiteFideId "918873"]
[BlackFideId "2825759"]
[WhiteElo "2256"]
[BlackElo "1913"]
[Result "0-1"]
[Round "11"]
[TimeControl "180+1"]
[Date "2022.08.02"]
[WhiteClock "0:00:05"]
[BlackClock "0:00:20"]

1. e4 e6 2. d4 d5 3. Nc3 dxe4 4. Nxe4 Nf6 5. Nxf6+ gxf6 6. Nf3 b6 7. g3 Bb7 8. Bg2 Nd7 9. Be3 Bd6 10. Qd2 Qe7 11. O-O-O O-O-O 12. Nh4 Bxg2 13. Nxg2 f5 14. Bf4 Nf6 15. Bxd6 Qxd6 16. f3 h5 17. Nf4 h4 18. Qd3 hxg3 19. Qa6+ Kb8 20. hxg3 Rxh1 21. Rxh1 Qxd4 22. Nd3 Qe3+ 23. Kb1 Qxf3 24. Rc1 Qb7 25. Qa4 Qe4 26. Qa6 Nd5 27. Re1 Nb4 28. Rxe4 Nxa6 29. Rh4 Nc5 30. Rh7 Nxd3 31. cxd3 Rxd3 32. Rxf7 Rxg3 33. Rf6 Re3 34. Kc2 Re2+ 35. Kc3 Kb7 36. a3 a5 37. b4 a4 38. b5 Re4 39. Kd3 Kc8 40. Rf7 Rg4 41. Re7 Rg3+ 42. Kd4 Rxa3 43. Rxe6 f4 44. Rf6 f3 45. Kd5 Rc3 46. Kd4 Rc5 47. Rxf3 Rxb5 48. Ra3 Ra5 49. Kc4 Kb7 50. Kb4 c5+ 51. Kc4 Ka6 52. Kd5 Kb5 53. Ra1 a3 54. Rb1+ Ka6 55. Kc6 a2 56. Rxb6+ Ka7 57. Kc7 Ra4 58. Rb7+ Ka6 59. Kc6 a1=Q 60. Rb6+ Ka7 61. Rb7+ Ka8 62. Rb5 Qf6+ 63. Kc7 Ra7+ 64. Kc8 Qf8# 0-1


[Site "https://www.chess.com"]

[Event "Titled Tuesday Blitz August 02 Late 2022"]
[White "Yoo, Christopher Woojin"]
[Black "Nazari, Arad"]
[WhiteFideId "30909694"]
[BlackFideId "12577324"]
[WhiteElo "2105"]
[BlackElo "2129"]
[Result "1-0"]
[Round "11"]
[TimeControl "180+1"]
[Date "2022.08.02"]
[WhiteClock "0:00:15"]
[BlackClock "0:00:55"]

1. e4 e5 2. Nf3 Nc6 3. Bb5 a6 4. Ba4 Nf6 5. d4 exd4 6. O-O Be7 7. e5 Ne4 8. Nxd4 O-O 9. Re1 Nc5 10. Bxc6 dxc6 11. Nc3 Re8 12. Be3 Bf8 13. f4 Ne6 14. Nf3 Qxd1 15. Raxd1 g6 16. Ne4 Be7 17. g4 Ng7 18. h3 h5 19. Nh2 b6 20. a4 a5 21. c4 Rd8 22. Nf6+ Bxf6 23. exf6 Rxd1 24. Rxd1 Ne8 25. Rd8 Bb7 26. Rd7 Bc8 27. Rd8 Bb7 28. Rxa8 Bxa8 29. c5 b5 30. g5 bxa4 31. Bd2 Nd6 32. cxd6 cxd6 33. Bxa5 Kf8 34. Bc7 d5 35. Nf3 Ke8 36. Ne5 c5 37. Bb6 c4 38. Kf2 c3 39. bxc3 a3 40. Bd4 a2 41. c4 dxc4 42. Nxc4 Bd5 43. Ne5 Be6 44. h4 Kd8 45. Ke3 Kc7 46. f5 gxf5 47. g6 fxg6 48. f7 Bxf7 49. Nxf7 1-0


[Site "https://www.chess.com"]

[Event "Titled Tuesday Blitz August 02 Late 2022"]
[White "Zhigalko, Sergei"]
[Black "Shohat, Yotam"]
[WhiteFideId "13502956"]
[BlackFideId "2813955"]
[WhiteElo "2662"]
[BlackElo "2119"]
[Result "1-0"]
[Round "11"]
[TimeControl "180+1"]
[Date "2022.08.02"]
[WhiteClock "0:01:34"]
[BlackClock "0:01:55"]

1. e4 e5 2. Nf3 Nc6 3. Bc4 Bc5 4. b4 Bxb4 5. c3 Bd6 6. d4 Nf6 7. O-O O-O 8. Re1 b6 9. Nbd2 a5 10. a4 Ba6 11. Bxa6 Rxa6 12. Nc4 Qe7 13. Bg5 Re8 14. d5 Nd8 15. Nh4 Nb7 16. Nf5 Qf8 17. Bxf6 gxf6 18. Re3 Kh8 19. Qh5 Bc5 20. Rg3 Nd6 21. Ncxd6 cxd6 22. Qh4 1-0


[Site "https://www.chess.com"]

[Event "Titled Tuesday Blitz August 02 Late 2022"]
[White "Zong, Davis"]
[Black "Romanchuk, Viktor"]
[WhiteFideId "30903955"]
[BlackFideId "14109271"]
[WhiteElo "2061"]
[BlackElo "2242"]
[Result "1/2-1/2"]
[Round "11"]
[TimeControl "180+1"]
[Date "2022.08.02"]
[WhiteClock "0:00:22"]
[BlackClock "0:00:45"]

1. d4 d5 2. c4 c6 3. Nf3 Nf6 4. Nc3 e6 5. e3 Nbd7 6. Bd3 Be7 7. O-O O-O 8. e4 dxe4 9. Nxe4 c5 10. b3 b6 11. Bb2 Bb7 12. Qe2 Re8 13. Rfd1 Qc7 14. Rac1 Rad8 15. dxc5 Nxc5 16. Nxf6+ Bxf6 17. Bxf6 Rxd3 18. Rxd3 Nxd3 19. Qxd3 gxf6 20. Rd1 Bc6 21. b4 Kg7 22. Nd4 Rc8 23. c5 bxc5 24. bxc5 Bd5 25. Rc1 Qa5 26. Qg3+ Kh8 27. Qf4 Kg7 28. c6 Bxc6 29. Qg3+ Kh8 30. Qf4 Kg7 31. Qg3+ 1/2-1/2